 Dungeon Crawl Stone Soup version 0.31.0-32-g396128a36d (webtiles) character file.

Game seed: 5698319086522114501

3631 spaghetti the Spear-Bearer (level 9, -4/63 HPs)
             Began as a Demonspawn Berserker on Mar 23, 2024.
             Was an Elder of Trog.
             Killed by an exploding butterfly (7 damage)
             ... ignited by their inner flame
             ... on level 9 of the Dungeon.
             The game lasted 00:08:22 (6482 turns).

spaghetti the Spear-Bearer (Demonspawn Berserker)   Turns: 6482, Time: 00:08:23

Health: -4/63      AC:  9    Str: 26    XL:     9   Next: 87%
Magic:  0/9        EV: 12    Int:  8    God:    Trog [****..]
Gold:   429        SH:  0    Dex: 14    Spells: 8/8 levels left

rFire   + . .        g - +2 demon trident
rCold   + . .        (no shield)
rNeg    . . .        i - +0 steam dragon scales
rPois   +            (no helmet)
rElec   +            m - +0 cloak
rCorr   +            C - +0 pair of gloves
SInv    .            (no boots)
Will    ++...        (no amulet)
Stlth   +            r - +6 ring of strength
HPRegen 1.30/turn    h - ring of poison resistance
MPRegen 0.22/turn

%: guardian spirit
@: brilliant, resistant, strong-willed, on berserk cooldown, regenerating,
hasted and slowed
A: icy blue scales 1, ignite blood 1, magic shield, magic regeneration, demonic
touch 2
a: Renounce Religion, Berserk, Trog's Hand, Brothers in Arms


You were on level 9 of the Dungeon.
You worshipped Trog.
Trog was greatly pleased with you.
You visited 1 branch of the dungeon, and saw 9 of its levels.

You collected 429 gold pieces.

Inventory:

Hand Weapons
 g - a +2 demon trident (weapon)
Missiles
 y - 2 curare-tipped darts (quivered)
Armour
 i - +0 steam dragon scales (worn)
 m - a +0 cloak (worn)
 C - a +0 pair of gloves (worn)
Jewellery
 h - a ring of poison resistance (right hand)
 r - a +6 ring of strength (left hand)
Wands
 b - a wand of iceblast (3)
 o - a wand of mindburst (9)
 u - a wand of paralysis (3)
Scrolls
 e - a scroll of butterflies
 q - 2 scrolls of poison
 t - a scroll of enchant armour
 x - a scroll of revelation
 z - a scroll of blinking
 B - a scroll of amnesia {unknown}
Potions
 c - 3 potions of curing
 d - 2 potions of enlightenment
 j - a potion of brilliance
 n - 2 potions of heal wounds {unknown}
 p - 4 potions of mutation {unknown}
 s - 2 potions of might {unknown}
 v - a potion of berserk rage {unknown}
 w - 2 potions of degeneration {unknown}
 A - a potion of cancellation {unknown}


   Skills:
 - Level 3.0 Fighting
 - Level 5.7 Long Blades
 + Level 11.9 Polearms
 - Level 1.7 Armour
 - Level 1.7 Dodging


You had 8 spell levels left.
You didn't know any spells.
Your spell library was empty.

Dungeon Overview and Level Annotations

Branches:
Dungeon (9/15)             Temple (0/1) D:7
   Lair: D:8-11         Orc: D:9-12

Altars:
Ashenzari
Dithmenos
Gozag
Makhleb
Qazlal
Uskayaw
Vehumet


Innate Abilities, Weirdness & Mutations

You are partially covered in icy blue scales. (AC +2)
Your demonic aura sometimes causes spilled blood to erupt in flames.
When hurt, damage is shared between your health and your magic reserves.
You regenerate magic rapidly.
Your touch may inflict irresistible damage on your foes.


Message History

* * * LOW HITPOINT WARNING * * *
The fiery explosion engulfs your butterfly!!
Your butterfly disappears in a burst of colours!
The fiery explosion engulfs your butterfly!!
Your butterfly disappears in a burst of colours!
The fiery explosion engulfs your butterfly!!
Your butterfly disappears in a burst of colours!
Your butterfly explodes!
The fiery explosion engulfs your butterfly!!
Your butterfly disappears in a burst of colours!
The fiery explosion engulfs your butterfly!!
Your butterfly disappears in a burst of colours!
Your butterfly explodes!
The fiery explosion engulfs your butterfly!
Your butterfly disappears in a burst of colours!
Your butterfly explodes!
The fiery explosion engulfs your butterfly!!!
Your butterfly disappears in a burst of colours!
The fiery explosion engulfs your butterfly!!
Your butterfly disappears in a burst of colours!
The fiery explosion engulfs your butterfly!!
Your butterfly disappears in a burst of colours!
Your butterfly explodes!
The fiery explosion engulfs your butterfly!!
Your butterfly disappears in a burst of colours!
Your butterfly explodes!
The fiery explosion engulfs your butterfly!!
Your butterfly disappears in a burst of colours!
Your butterfly explodes! x3
The fiery explosion engulfs your butterfly!!
You kill your butterfly!
Your butterfly disappears in a burst of colours!
Your butterfly explodes!
The fiery explosion engulfs you! You resist.
* * * LOW HITPOINT WARNING * * *
The fiery explosion engulfs your butterfly!!
Your butterfly disappears in a burst of colours!
Your butterfly explodes!
The fiery explosion engulfs you! You resist.
You die...

.......#..........
#......#............#
###....#............
. ##...#...........#
.. #..##......##..b#
...
##.##########..b+....
#.
#.......bb§§§§§..b#
#$..#†Q.g§§§.§§§§§§#
#..YyQg..Q§§§§§§@§§#
#[..#)##.§§§§§##§§§#
#.
#.##########§§§§§$.
#.[ b.§§§§... ...
.§§§§§... ..!g
....§§§... .....
....§..... #+###.
.##...#####


You could see a tengu warrior (inner flame).

Vanquished Creatures
  A two-headed ogre (D:9)
  A gargoyle (D:8)
  A steam dragon (D:7)
  An acid dragon (D:9)
  An orc warrior (D:8)
  An ice beast (D:5)
  5 sky beasts
  An ogre (D:4)
  A black bear (D:5)
  A centaur (D:7)
  2 kobold brigands
  A phantom (D:6)
  2 bullfrogs
  4 scorpions
  2 killer bees (D:9)
  4 howler monkeys
  3 hounds
  A jelly (D:4)
  A bombardier beetle (D:3)
  2 gnoll boudas
  2 orc priests (D:8)
  Crazy Yiuf (D:2)
  Jessica (D:2)
  Natasha (D:2)
  3 iguanas
  3 orc wizards
  Robin (D:3)
  11 gnolls
  10 adders
  3 white imps
  4 dart slugs
  23 orcs
  10 endoplasms
  5 giant cockroaches
  17 goblins
  9 hobgoblins
  9 jackals
  2 quokkas (D:1)
  8 ball pythons
  3 bats
  6 frilled lizards
  11 kobolds
  7 rats
186 creatures vanquished.

Notes
Turn   | Place    | Note
-------+----------+-------------------------------------------
     0 | D:1      | spaghetti the Demonspawn Berserker began the quest for the
                  | Orb.
     0 | D:1      | Reached XP level 1. HP: 18/18 MP: 1/1
   183 | D:1      | Gained mutation: You are partially covered in icy blue
                  | scales. (AC +2) [demonic ancestry]
   183 | D:1      | Reached XP level 2. HP: 22/24 MP: 2/2
   606 | D:1      | Reached XP level 3. HP: 25/29 MP: 3/3
   661 | D:1      | Found a faded altar of an unknown god.
  1064 | D:1      | Reached ** piety under Trog
  1371 | D:2      | Noticed Jessica
  1375 | D:2      | Killed Jessica
  1376 | D:2      | Gained mutation: You regenerate magic rapidly. [demonic
                  | ancestry]
  1376 | D:2      | Reached XP level 4. HP: 33/35 MP: 4/4
  1546 | D:2      | Reached skill level 5 in Long Blades
  1621 | D:2      | Noticed Natasha
  1644 | D:2      | Killed Natasha
  1645 | D:2      | Gained mutation: Your touch may inflict minor irresistible
                  | damage on your foes. [demonic ancestry]
  1645 | D:2      | Reached XP level 5. HP: 37/41 MP: 5/5
  1697 | D:2      | Found a runed translucent door.
  1698 | D:2      | Noticed Crazy Yiuf
  1706 | D:2      | Killed Crazy Yiuf
  1811 | D:3      | Noticed Robin
  1823 | D:3      | Killed Robin
  2105 | D:3      | Reached skill level 1 in Polearms
  2483 | D:3      | Reached skill level 2 in Polearms
  2483 | D:3      | Gained mutation: Your demonic aura sometimes causes spilled
                  | blood to erupt in flames. [demonic ancestry]
  2483 | D:3      | Reached XP level 6. HP: 47/47 MP: 6/6
  2645 | D:4      | Reached skill level 3 in Polearms
  2731 | D:4      | Reached skill level 4 in Polearms
  2839 | D:4      | Reached *** piety under Trog
  2873 | D:4      | Found a hide-covered altar of Uskayaw.
  2957 | D:4      | Gained mutation: When hurt, damage is shared between your
                  | health and your magic reserves. [demonic ancestry]
  2957 | D:4      | Reached XP level 7. HP: 49/52 MP: 7/7
  3419 | D:5      | Entered Level 5 of the Dungeon
  3537 | D:5      | Reached skill level 5 in Polearms
  3801 | D:5      | Found a radiant altar of Vehumet.
  3954 | D:5      | Reached skill level 6 in Polearms
  4201 | D:6      | Reached XP level 8. HP: 58/58 MP: 8/8
  4388 | D:6      | Reached skill level 7 in Polearms
  4606 | D:6      | Found an opulent altar of Gozag.
  4816 | D:6      | Reached skill level 8 in Polearms
  5144 | D:7      | Reached skill level 9 in Polearms
  5173 | D:7      | Found a staircase to the Ecumenical Temple.
  5215 | D:7      | Found a shadowy altar of Dithmenos.
  5307 | D:7      | Gained mutation: Your touch may inflict irresistible damage
                  | on your foes. [demonic ancestry]
  5307 | D:7      | Reached XP level 9. HP: 43/63 MP: 9/9
  5553 | D:8      | Reached **** piety under Trog
  5794 | D:8      | Noticed a gargoyle
  5806 | D:8      | Killed a gargoyle
  5807 | D:8      | Reached skill level 10 in Polearms
  5950 | D:8      | Found a broken altar of Ashenzari.
  5950 | D:8      | Found a faded altar of an unknown god.
  5958 | D:8      | Found a faded altar of an unknown god.
  5960 | D:8      | Found a stormy altar of Qazlal.
  5962 | D:8      | Found a burning altar of Makhleb.
  6451 | D:9      | Noticed a two-headed ogre
  6451 | D:9      | Noticed a tengu conjurer
  6451 | D:9      | Noticed a tengu warrior
  6459 | D:9      | Reached skill level 11 in Polearms
  6467 | D:9      | Killed a two-headed ogre
  6482 | D:9      | HP: 3/63 [spore (10)]
  6482 | D:9      | Killed by an exploding butterfly... ignited by their inner
                  | flame

Illustrated notes

Levels and vault maps discovered:
D:1:      minmay_arrival_stair_chambers, layout_basic,
          hellmonk_ecumenical_altar_pennies_from_heaven
D:2:      layout_loops_cross, uniq_crazy_yiuf_cottage, uniq_jessica,
          uniq_natasha
D:3:      layout_loops_ring, corexii_hall_statues_deadend, minivault_23,
          uniq_robin
D:4:      layout_cave_pools, nicolae_uskayaw_murder_on_the_dancefloor,
          minmay_hedge_maze
D:5:      layout_rooms, nicolae_overflow_crystal_walls
D:6:      layout_cave_pools, nicolae_gozag_seed_capital
D:7:      layout_rooms, grunt_dithmenos_smoke,
          minmay_temple_entry_enclosed_plants
D:8:      layout_basic, chequers_temple_overflow_minitemple, due_unseen_surprise
D:9:      layout_gridville, tso_metal_star, grunt_decor_arrowhead,
          grunt_potential

Skill      XL: |  1  2  3  4  5  6  7  8  9 |
---------------+----------------------------+-----
Long Blades    | 3 4 5 |  5.7
Polearms       | 2 4 6 9 11 | 11.9
Fighting       | |  3.0
Armour         | |  1.7
Dodging        | |  1.7

Action                     |  1- 3 |  4- 6 |  7- 9 || total
---------------------------+-------+-------+-------++-------
  Melee: Falchion          |   128 |    47 |       ||   175
         Punch             |     1 |     1 |     3 ||     5
         Demon trident     |       |    96 |   230 ||   326
         Quarterstaff      |       |    30 |       ||    30
         Touch             |       |    14 |    33 ||    47
 Invoke: Berserk           |     1 |     7 |     4 ||    12
         Trog's Hand       |       |     3 |     1 ||     4
    Use: Scroll            |       |    10 |     6 ||    16
         Potion            |       |       |     4 ||     4
   Stab: Sleeping          |     2 |     1 |       ||     3
 Armour: Animal skin       |    94 |   137 |    75 ||   306
         Steam dragon scal |       |       |    58 ||    58
  Dodge: Dodged            |   101 |   132 |   109 ||   342
